 Dungeon Crawl Stone Soup version 0.31-a0-750-gfe7b580527 (webtiles) character file.

Game seed: 13883385150246152009

56147 Newt the Slicer (level 14, -6/172 HPs)
             Began as a Demonspawn Gladiator on Sept 14, 2023.
             Was a Believer of Makhleb.
             Mangled by the 27-headed Lernaean hydra (9 damage)
             ... on level 15 of the Dungeon.
             The game lasted 00:18:37 (16550 turns).

Newt the Slicer (Demonspawn Gladiator)             Turns: 16550, Time: 00:18:38

Health: -6/172     AC: 18    Str: 28    XL:     14   Next: 40%
Magic:  14/14      EV: 24    Int: 14    God:    Makhleb [**....]
Gold:   992        SH:  0    Dex: 20    Spells: 13/13 levels left

rFire   . . .        s - +10 short sword of Daus {heavy, Int+3}
rCold   . . .        (no shield)
rNeg    . . .        U - +3 leather armour "Jirusaig" {Str+3 Dex+3}
rPois   +            c - +1 helmet
rElec   .            P - +1 cloak of Quantum Leap {rCorr Stlth+}
rCorr   +            t - +0 pair of gloves
SInv    .            L - +2 pair of boots of the Catamount {Regen+ Str+3}
Will    +....        (no amulet) Stlth
                     T - +6 ring of strength
HPRegen 1.28/turn    S - +5 ring of evasion
MPRegen 0.14/turn

%: no passive effects
@: berserking (expiring), hasted, very quick
A: hooves 1, slimy green scales 3, demonic guardian 2, ignite blood 1,
bedeviling
a: Renounce Religion, Minor Destruction


You were on level 15 of the Dungeon.
You worshipped Makhleb.
Makhleb was pleased with you.
You visited 2 branches of the dungeon, and saw 16 of its levels.
You also visited: Sewer.

You collected 1248 gold pieces.
You spent 256 gold pieces at shops.

Inventory:

Hand Weapons
 a - a +0 rapier
 m - a +3 sling of flaming
 s - the +10 short sword of Daus (weapon) {heavy, Int+3}
   (You took it off a goblin on level 3 of the Dungeon)

   Int+3:     It affects your intelligence (+3).
 G - the +7 staff of the Meek {protect, meekguard}
   (You found it on level 7 of the Dungeon)
Missiles
 d - 2 throwing nets (quivered)
 e - a javelin
 q - 22 poisoned darts
Armour
 b - a +0 leather armour
 c - a +1 helmet (worn)
 h - a +0 ring mail of fire resistance
 t - a +0 pair of gloves (worn)
 L - the +2 pair of boots of the Catamount (worn) {Regen+ Str+3}
   (You bought it in a shop on level 8 of the Dungeon)

   Str+3:     It affects your strength (+3).
   Regen+:    It increases your rate of health regeneration.
 P - the +1 cloak of Quantum Leap (worn) {rCorr Stlth+}
   (You found it on level 11 of the Dungeon)

   rCorr:     It protects you from acid and corrosion.
   Stlth+:    It makes you more stealthy.
 Q - a +0 kite shield
 U - the +3 leather armour "Jirusaig" (worn) {Str+3 Dex+3}
   (You found it on level 14 of the Dungeon)

   Str+3:     It affects your strength (+3).
   Dex+3:     It affects your dexterity (+3).
Jewellery
 g - a ring of magical power
 N - a ring of ice
 S - a +5 ring of evasion (right hand)
 T - a +6 ring of strength (left hand)
Wands
 v - a wand of roots (13)
 y - a wand of polymorph (10)
 E - a wand of flame (7)
 O - a wand of digging (5)
 R - a wand of mindburst (14)
Scrolls
 f - 2 scrolls of revelation
 n - 4 scrolls of fog
 p - 8 scrolls of teleportation
 r - a scroll of fear
 z - 3 scrolls of vulnerability
 B - 2 scrolls of amnesia
 C - 2 scrolls of enchant weapon
 H - 5 scrolls of enchant armour
 I - 2 scrolls of immolation
 J - a scroll of torment
 M - 5 scrolls of identify
 V - a scroll of poison
Potions
 i - 2 potions of brilliance
 j - 2 potions of heal wounds
 l - a potion of ambrosia
 o - 2 potions of degeneration
 u - a potion of mutation
 x - 9 potions of curing
 A - a potion of attraction
 D - a potion of cancellation
 F - 2 potions of enlightenment
 K - 2 potions of lignification


   Skills:
 - Level 12.0 Fighting
 - Level 14.0 Short Blades
 - Level 1.7 Throwing
 - Level 10.0 Dodging
 - Level 9.0 Stealth
 + Level 4.7 Shields
 - Level 10.0 Evocations


You had 13 spell levels left.
You didn't know any spells.
Your spell library contained the following spells:

 Spells                   Type           Power      Damage    Failure   Level
 Dazzling Flash           Conj/Hex       0%         N/A       67%         3
 Frozen Ramparts          Ice            0%         1d1       67%         3
 Gell's Gravitas          Tloc           0%         N/A       67%         3
 Teleport Other           Tloc           0%         N/A       67%         3
 Volatile Blastmotes      Fire/Tloc      0%         2d10      67%         3
 Anguish                  Hex/Necr       0%         N/A       97%         4
 Animate Dead             Necr           0%         N/A       97%         4
 Cause Fear               Hex            0%         N/A       97%         4
 Fulminant Prism          Conj/Hex       0%         3d5       97%         4
 Iskenderun's Mystic Bla  Conj/Tloc      0%         2d3       97%         4
 Petrify                  Tmut/Erth      0%         N/A       97%         4
 Agony                    Necr           0%         N/A       100%        5
 Borgnjor's Vile Clutch   Necr/Erth      0%         N/A       100%        5
 Metabolic Englaciation   Hex/Ice        0%         N/A       100%        5
 Silence                  Hex/Air        0%         N/A       100%        5
 Death Channel            Necr           0%         N/A       100%        6
 Dispersal                Tloc           0%         N/A       100%        6
 Enfeeble                 Hex            0%         N/A       100%        7


Dungeon Overview and Level Annotations

Branches:
Dungeon (15/15)            Temple (1/1) D:6            Lair (0/5) D:11
    Orc (0/2) D:12         Vaults (0/5) D:14         Depths (0/4) D:15
  Sewer (visited)

Altars:
Ashenzari
Cheibriados
Dithmenos
Fedhas
Gozag
Hepliaklqana
Kikubaaqudgha
Makhleb
Nemelex Xobeh
Okawaru
Qazlal
Ru
Sif Muna
Trog
Uskayaw
Vehumet
Wu Jian
Xom
Yredelemnul

Shops:
D:8 [   D:9 :   D:11 *   D:12 ([

Annotations:
D:15 Lernaean hydra


Innate Abilities, Weirdness & Mutations

You have large cloven feet.
You are completely covered in slimy green scales. (AC +4, rPois)
A demonic guardian rushes to your aid.
Your demonic aura sometimes causes spilled blood to erupt in flames.
Your hexes are more powerful.


Message History

The 27-headed Lernaean hydra bites you. The 27-headed Lernaean hydra bites you!
The 27-headed Lernaean hydra bites you.
The 27-headed Lernaean hydra bites you but does no damage.
The 27-headed Lernaean hydra bites you!
* * * LOW HITPOINT WARNING * * *
The 27-headed Lernaean hydra bites you but does no damage.
Unknown command.
Unknown command.
The 27-headed Lernaean hydra is engulfed in blazing flames.
Unknown command.
You are too berserk!
You impale the 27-headed Lernaean hydra!!
The 27-headed Lernaean hydra is heavily wounded.
Unknown command.
Unknown command.
Unknown command.
You completely miss the 27-headed Lernaean hydra.
The 27-headed Lernaean hydra is heavily wounded.
The 27-headed Lernaean hydra is engulfed in blazing flames.
The 27-headed Lernaean hydra barely misses you. x2
The 27-headed Lernaean hydra completely misses you.
The 27-headed Lernaean hydra bites you but does no damage. x2
The 27-headed Lernaean hydra bites you.
* * * LOW HITPOINT WARNING * * *
The 27-headed Lernaean hydra bites you!
* * * LOW HITPOINT WARNING * * *
A demonic guardian appears!
The 27-headed Lernaean hydra closely misses you.
The 27-headed Lernaean hydra bites you!
* * * LOW HITPOINT WARNING * * *
The 27-headed Lernaean hydra bites you but does no damage.
The 27-headed Lernaean hydra bites you!
* * * LOW HITPOINT WARNING * * *
The 27-headed Lernaean hydra closely misses you.
The 27-headed Lernaean hydra misses you.
The 27-headed Lernaean hydra bites you!
* * * LOW HITPOINT WARNING * * *
The 27-headed Lernaean hydra bites you but does no damage.
The 27-headed Lernaean hydra bites you!
You die...

≈≈≈§.#####..#..♣♣.♣.#
≈#§§.# #..#.♣.~♣~.#
§§≈..# #..#~....~♣#
≈≈..## #..####†###
...## #...#?♣(♣.#
#### #####~.♣..#
####### #.♣♣♣~#
#.....# #.....#
#..##.# #~~@3~#
#..##.# ###D####
#.....######°°~#.#
####..........#[=$#.#
.............†#=|~#.#
###..###......#####.#
.....# #..###.......#
.....# #............#
.....# #............#


You could see the 27-headed Lernaean hydra (ally target) and a friendly sun
demon (summoned).

Vanquished Creatures
  An ironbound preserver (D:14)
  A stone giant (D:15)
  Erolcha (D:13)
  An ogre mage (D:15)
  38 hydras
  A centaur warrior (D:15)
  A catoblepas (D:14)
  7 two-headed ogres
  2 tengu warriors
  3 boulder beetles
  A harpy (shapeshifter) (D:15)
  5 deep elf pyromancers
  2 cyclopes
  4 ugly things
  7 manticores
  A gargoyle (D:13)
  Jeremiah (D:7)
  2 tengu conjurers (D:14)
  A komodo dragon (D:7)
  An efreet (D:14)
  A troll (D:12)
  2 meliai (shapeshifter)
  A centaur simulacrum (D:14)
  Sigmund (D:4)
  5 slime creatures
  A shadow (D:10)
  4 wraiths
  A vampire (D:14)
  A wyvern (D:10)
  3 basilisks
  5 yaks (D:10)
  A steam dragon (D:8)
  12 vampire mosquitoes
  5 water moccasins
  An ice beast (D:7)
  A meliai simulacrum (D:15)
  2 orc warriors (D:12)
  A black bear (D:5)
  8 ogres
  3 centaurs
  2 phantoms
  Blork the orc (D:4)
  2 kobold brigands
  A bullfrog (D:8)
  4 scorpions
  3 wights (D:8)
  5 killer bees (D:9)
  3 howler monkeys
  5 orc priests
  3 hounds
  5 jellies
  A sleepcap (D:8)
  8 iguanas
  8 orc wizards
  7 adders
  2 white imps (D:5)
  2 ufetubi
  2 dart slugs
  37 orcs
  7 bats
  3 endoplasms
  7 giant cockroaches
  13 goblins
  10 hobgoblins
  3 jackals (D:3)
  5 quokkas
  9 ball pythons
  7 frilled lizards
  13 kobolds
318 creatures vanquished.

Vanquished Creatures (collateral kills)
  3 hydras (D:15)
  A centaur warrior (D:14)
  A komodo dragon (D:10)
  A gargoyle (D:12)
  A rime drake (shapeshifter) (D:12)
  A troll (D:13)
  A slime creature (D:14)
  A basilisk (D:15)
  An orc warrior (D:10)
  A phantom (D:3)
  Robin (D:3)
  2 hobgoblins
  2 kobolds (D:7)
17 creatures vanquished.

Grand Total: 335 creatures vanquished

Notes
Turn   | Place    | Note
-------+----------+-------------------------------------------
     0 | D:1      | Newt the Demonspawn Gladiator began the quest for the Orb.
     0 | D:1      | Reached XP level 1. HP: 16/16 MP: 1/1
   312 | D:1      | Gained mutation: You are partially covered in slimy green
                  | scales. (AC +2) [demonic ancestry]
   312 | D:1      | Reached XP level 2. HP: 23/23 MP: 2/2
   690 | D:1      | Gained mutation: A weak demonic guardian rushes to your
                  | aid. [demonic ancestry]
   690 | D:1      | Reached XP level 3. HP: 25/29 MP: 3/3
  1148 | D:2      | Found a hide-covered altar of Uskayaw.
  1584 | D:3      | Noticed Robin
  1585 | D:3      | Identified the +10 short sword of Daus {heavy, Int+3}
  1607 | D:3      | Killed Robin
  2054 | D:3      | Noticed a phantom
  2068 | D:3      | Killed a phantom
  2069 | D:3      | Reached skill level 5 in Fighting
  2069 | D:3      | Reached skill level 3 in Short Blades
  2069 | D:3      | Gained mutation: You are mostly covered in slimy green
                  | scales. (AC +3) [demonic ancestry]
  2069 | D:3      | Reached XP level 4. HP: 21/39 MP: 4/4
  2069 | D:3      | Gained mutation: You are completely covered in slimy green
                  | scales. (AC +4, rPois) [demonic ancestry]
  2069 | D:3      | Reached XP level 5. HP: 24/44 MP: 5/5
  2251 | D:3      | Noticed an ogre
  2258 | D:3      | Killed an ogre
  2259 | D:3      | Reached skill level 4 in Short Blades
  2374 | D:3      | Found an ornate altar of the Wu Jian Council.
  2387 | D:3      | Gained mutation: You have large cloven feet. [demonic
                  | ancestry]
  2387 | D:3      | Reached XP level 6. HP: 51/51 MP: 6/6
  2675 | D:4      | Reached skill level 5 in Short Blades
  2689 | D:4      | Noticed Blork the orc
  2697 | D:4      | Killed Blork the orc
  2834 | D:4      | Noticed Sigmund
  2852 | D:4      | Killed Sigmund
  2853 | D:4      | Reached XP level 7. HP: 20/56 MP: 7/7
  3204 | D:4      | Found a broken altar of Ashenzari.
  3384 | D:4      | Reached skill level 5 in Dodging
  3860 | D:5      | Entered Level 5 of the Dungeon
  3937 | D:5      | Found a glowing drain.
  3970 | Sewer    | Entered a sewer
  4001 | Sewer    | Reached XP level 8. HP: 57/64 MP: 8/8
  5426 | D:6      | Gained mutation: A demonic guardian rushes to your aid.
                  | [demonic ancestry]
  5426 | D:6      | Reached XP level 9. HP: 72/76 MP: 9/9
  5562 | D:6      | Reached skill level 6 in Short Blades
  5642 | D:6      | Found a staircase to the Ecumenical Temple.
  5733 | D:7      | Noticed Jeremiah
  5926 | D:7      | Killed Jeremiah
  5980 | D:7      | Noticed a komodo dragon
  5991 | D:7      | Killed a komodo dragon
  5992 | D:7      | Reached skill level 7 in Short Blades
  6254 | D:7      | Found a radiant altar of Vehumet.
  6257 | D:7      | Found the +7 staff of the Meek {protect, meekguard}
  6268 | D:7      | Reached skill level 8 in Short Blades
  6542 | D:7      | Found a sparkling altar of Nemelex Xobeh.
  6837 | D:8      | Reached skill level 9 in Short Blades
  6851 | D:8      | Found Qyedorphi's Antique Armour Shoppe.
  6858 | D:8      | Bought a pair of glimmering boots for 256 gold pieces
  6858 | D:8      | Identified the +2 pair of boots of the Catamount {Regen+
                  | Str+3} (You bought it in a shop on level 8 of the Dungeon)
  6943 | D:8      | Noticed a two-headed ogre
  6956 | D:8      | Killed a two-headed ogre
  6957 | D:8      | Reached XP level 10. HP: 48/83 MP: 10/10
  7211 | D:8      | Reached skill level 10 in Short Blades
  7424 | D:8      | Reached skill level 1 in Evocations
  7574 | D:8      | Noticed a two-headed ogre
  7581 | D:8      | Killed a two-headed ogre
  8000 | D:9      | Found Nemux's Vocational Training.
  8181 | D:9      | Reached skill level 5 in Evocations
  8317 | D:10     | Entered Level 10 of the Dungeon
  9414 | D:11     | Gained mutation: Your demonic aura sometimes causes spilled
                  | blood to erupt in flames. [demonic ancestry]
  9414 | D:11     | Reached XP level 11. HP: 75/89 MP: 11/11
  9531 | D:11     | Found Zifaowa's Hallowed Reliquary.
  9539 | D:11     | Noticed an angel
  9567 | D:11     | Noticed a deep elf pyromancer
  9575 | D:11     | Killed a deep elf pyromancer
  9627 | D:11     | Identified the +1 cloak of Quantum Leap {rCorr Stlth+}
  9761 | D:11     | Found a staircase to the Lair.
  9854 | D:12     | Found Rethrap's Weapon Shoppe.
  9854 | D:12     | Found a staircase to the Orcish Mines.
  9858 | D:12     | Found Saschyn's Armour Shoppe.
 10007 | D:12     | You fall into a shaft and drop 2 floors!
 10009 | D:14     | Noticed a boulder beetle
 10029 | D:14     | Killed a boulder beetle
 10103 | D:14     | Found a gate to the Vaults.
 10103 | D:14     | Noticed an ironbound preserver
 10107 | D:14     | Reached skill level 10 in Dodging
 10107 | D:14     | Reached skill level 1 in Stealth
 10114 | D:14     | Killed an ironbound preserver
 10250 | D:14     | Reached skill level 5 in Stealth
 10306 | D:14     | Noticed a centaur warrior
 10317 | D:14     | Identified the +2 quarterstaff of Cheibriados's Favour
                  | {flame, Contam rPois rC+++ Int+3}
 10338 | D:14     | Killed a centaur warrior
 10377 | D:14     | Noticed a catoblepas
 10389 | D:14     | Killed a catoblepas
 10405 | D:14     | Noticed a tengu warrior
 10434 | D:14     | Killed a tengu warrior
 10680 | D:14     | Identified the +3 scimitar of Gravity {venom, *Corrode
                  | rF+++ Will+ SInv}
 10937 | D:13     | Reached XP level 12. HP: 95/95 MP: 12/12
 11378 | D:12     | Noticed a boulder beetle
 11424 | D:12     | Killed a boulder beetle
 12093 | Temple   | Entered the Ecumenical Temple
 12101 | Temple   | Became a worshipper of Makhleb the Destroyer
 12252 | D:13     | Noticed a five-headed hydra
 12261 | D:13     | Killed a five-headed hydra
 12436 | D:13     | Reached skill level 11 in Short Blades
 12464 | D:13     | Noticed a six-headed hydra
 12470 | D:13     | Killed a six-headed hydra
 12521 | D:13     | Noticed a two-headed ogre
 12531 | D:13     | Killed a two-headed ogre
 13055 | D:13     | Reached skill level 12 in Short Blades
 13147 | D:13     | Noticed a tengu warrior
 13152 | D:13     | Killed a tengu warrior
 13435 | D:13     | Noticed Erolcha
 13438 | D:13     | Killed Erolcha
 13699 | D:14     | Reached skill level 13 in Short Blades
 13730 | D:14     | Noticed a boulder beetle
 13775 | D:14     | Killed a boulder beetle
 13971 | D:14     | Identified the +3 leather armour "Jirusaig" {Str+3 Dex+3}
 14339 | D:15     | Entered Level 15 of the Dungeon
 14369 | D:15     | Noticed a centaur warrior
 14391 | D:15     | Killed a centaur warrior
 14433 | D:15     | Gained mutation: Your hexes are more powerful. [demonic
                  | ancestry]
 14433 | D:15     | Reached XP level 13. HP: 96/101 MP: 13/13
 14685 | D:15     | Found a runed translucent door.
 14834 | D:15     | Found a staircase to the Depths.
 14834 | D:15     | Noticed a stone giant
 14923 | D:15     | Found a runed translucent door.
 14924 | D:15     | Noticed the 27-headed Lernaean hydra
 14924 | D:15     | Found the sphere of Battle
 15135 | D:15     | Reached skill level 14 in Short Blades
 15153 | D:15     | Reached * piety under Makhleb
 15503 | D:15     | Killed a stone giant
 15627 | D:15     | Reached skill level 10 in Evocations
 15654 | D:15     | Reached skill level 10 in Fighting
 15673 | D:15     | Reached XP level 14. HP: 108/111 MP: 14/14
 15700 | D:15     | Reached ** piety under Makhleb
 15898 | D:15     | Found a runed translucent door.
 15943 | D:15     | Reached skill level 1 in Shields
 16346 | D:15     | Found a runed translucent door.
 16550 | D:15     | HP: 3/172 [the 27-headed Lernaean hydra (11)]
 16550 | D:15     | Mangled by the 27-headed Lernaean hydra

Illustrated notes

Levels and vault maps discovered:
D:1:      scummos_arrival_simple_fountains, layout_basic, minmay_octomino_c4
D:2:      layout_rooms, basic_altar, serial_park_tiny_1, minmay_misc_feat_x
D:3:      layout_rooms, mainiacjoe_overflow_brackets, serial_bayou_lagoon_a,
          uniq_robin
D:4:      layout_basic, nicolae_ashenzari_panopticon, uniq_blork_the_orc,
          uniq_sigmund
D:5:      layout_basic, gup_sewer_entry_glass
D:6:      minmay_evil_eye, layout_cave_pools, minmay_temple_entry_fiery
D:7:      layout_loops_cross, mainiacjoe_overflow_big_doors, minmay_lizard_king,
          uniq_jeremiah
D:8:      layout_loops_ring, serial_shops, nicolae_shop_overgrown_old_shop,
          hangedman_decor_slide_cut
D:9:      layout_long_grid, nicolae_shop_vocational
D:10:     layout_roguey, serial_rivers, chequers_serial_rivers_micro_c,
          chequers_serial_rivers_small_3, chequers_serial_rivers_room_b,
          chequers_serial_rivers_large_a, chequers_serial_rivers_micro_e,
          corexii_hall_statues_t
D:11:     layout_cave_pools, lair_entry_dummy, nicolae_good_shop
D:12:     layout_basic, orc_david_3, lemuel_another_geyser
D:13:     layout_cave_pods, uniq_erolcha
D:14:     layout_cave_pods, skrybe_vaults_entry_preservation,
          nicolae_twisty_statue_hallways, minmay_microvault
D:15:     grunt_enter_depths_giant_problem, layout_stronghold,
          kennysheep_crisscross, nicolae_twisting_strands,
          nicolae_hydra_factorization
Temple:   regret_index_temple_mists

Skill      XL: |  1  2  3  4  5  6  7  8  9 10 11 12 13 14 |
---------------+-------------------------------------------+-----
Fighting       | 3 5 6 9 10 12 | 12.0
Short Blades   | 3 4 5 9 10 13 14 | 14.0
Dodging        | 4 6 8 10 | 10.0
Evocations     | 5 10 | 10.0
Stealth        | 8 9 |  9.0
Shields        | 4 |  4.7
Throwing       | |  1.7

Action                     |  1- 3 |  4- 6 |  7- 9 | 10-12 | 13-15 || total
---------------------------+-------+-------+-------+-------+-------++-------
  Melee: Rapier            |    83 |       |       |       |       ||    83
         Short sword       |    11 |    55 |   268 |   481 |   250 ||  1065
         Kick              |       |     7 |    61 |       |       ||    68
         Punch             |       |       |     5 |     7 |     3 ||    15
   Fire: Sling             |    42 |       |       |       |       ||    42
  Throw: Throwing net      |       |     1 |     1 |     3 |       ||     5
  Evoke: Wand              |       |       |       |     3 |     4 ||     7
    Use: Scroll            |     5 |     7 |     6 |     7 |       ||    25
         Potion            |       |       |       |     2 |     4 ||     6
   Stab: Sleeping          |     2 |       |       |    12 |     3 ||    17
         Paralysed         |       |       |       |     2 |       ||     2
         Distracted        |       |       |       |     1 |     2 ||     3
         Held in net/web   |       |       |       |     1 |       ||     1
 Armour: Leather armour    |    87 |    33 |   134 |   328 |   215 ||   797
  Dodge: Dodged            |    80 |    20 |   164 |   323 |   292 ||   879

Table legend: (Time is in decaauts)
 A = Elapsed time spent in this place.
 B = Non-inter-level travel time spent in this place.
 C = Inter-level travel time spent in this place.
 D = Time resting spent in this place.
 E = Time spent auto-exploring this place.
 F = Levels seen in this place.
 G = Mean time per level.
                   A        B        C        D        E       F      G
               +--------+--------+--------+--------+--------+-----+--------+
         Total |  16441 |  15704 |    737 |   4093 |   9270 |  17 |  967.1 |
       Dungeon |  16324 |  15607 |    717 |   4093 |   9203 |  15 | 1088.3 |
        Temple |     21 |      1 |     20 |      0 |      0 |   1 |   21.0 |
         Sewer |     95 |     95 |      0 |      0 |     67 |   1 |   95.0 |
               +--------+--------+--------+--------+--------+-----+--------+

Top non-repeatable levels by time:
    D:15: 2147 daAuts
    D:14: 1699 daAuts
    D:13: 1281 daAuts
     D:4: 1206 daAuts
    D:12: 1198 daAuts
     D:5: 1155 daAuts
    D:10: 1094 daAuts
     D:2: 1083 daAuts
     D:8: 987 daAuts
     D:1: 898 daAuts
     D:7: 862 daAuts
     D:6: 846 daAuts
     D:3: 713 daAuts
     D:9: 672 daAuts
    D:11: 476 daAuts
